 Dungeon Crawl Stone Soup version 0.30.1 (webtiles) character file.

Game seed: 13862153062130639

46 javelincjr the Sneak (level 3, -12/29 HPs)
             Began as a Demonspawn Delver on July 3, 2023.
             Mangled by a sleepcap (21 damage)
             ... on level 5 of the Dungeon.
             The game lasted 00:01:06 (373 turns).

javelincjr the Sneak (Demonspawn Delver)             Turns: 373, Time: 00:01:07

Health: -12/29     AC:  3    Str: 14    XL:     3   Next: 46%
Magic:  3/3        EV:  2    Int: 11    God:
Gold:   38         SH:  0    Dex: 14    Spells: 2/2 levels left

rFire   . . .        a - +0 spear
rCold   . . .        (no shield)
rNeg    . . .        b - +0 leather armour
rPois   .            (no helmet)
rElec   .            (no cloak)
rCorr   .            (no gloves)
SInv    .            (no boots)
Will    .....        (no amulet)
Stlth   +++          (no ring)
HPRegen 0.24/turn    (no ring)
MPRegen 0.08/turn

%: no passive effects
@: sleeping
A: ignite blood 1
a: no special abilities


You were on level 5 of the Dungeon.
You visited 1 branch of the dungeon, and saw 1 of its levels.

You collected 38 gold pieces.

Inventory:

Hand Weapons
 a - a +0 spear (weapon)
Armour
 b - a +0 leather armour (worn)
Jewellery
 h - a ring of see invisible
Wands
 g - a wand of digging (3)
Scrolls
 c - a scroll of fog
 d - a scroll of magic mapping
 e - a scroll of fear
 i - a scroll of enchant armour {unknown}
 j - a scroll of poison {unknown}
 k - a scroll of acquirement {unknown}
Potions
 f - a potion of haste


   Skills:
 + Level 3.4 Fighting
 + Level 2.3 Polearms
 + Level 2.3 Dodging
 + Level 4.8 Stealth


You had 2 spell levels left.
You didn't know any spells.
Your spell library was empty.

Dungeon Overview and Level Annotations

Branches:
Dungeon (5/15)
 Temple: D:4-7

Altars:
Nemelex Xobeh
Wu Jian


Innate Abilities, Weirdness & Mutations

Your demonic aura sometimes causes spilled blood to erupt in flames.


Message History

You hit the ufetubus.
The ufetubus is severely wounded.
The ufetubus hits you but does no damage.
The ufetubus hits you.
You hit the ufetubus.
You kill the ufetubus!
No target in view!
i - a scroll labelled HOGASE AKHLU
j - a scroll labelled CECHIM DEM QISK
k - a scroll labelled HUC KEOTRUI You enter the shallow water.
Moving in this stuff is going to be slow.
You now have 38 gold pieces (gained 10). 2 lemures come into view.
You enter the shallow water.
Moving in this stuff is going to be slow.
You enter the shallow water.
Moving in this stuff is going to be slow.
A sleepcap comes into view.
The helpless sleepcap fails to defend itself.
You hit the sleepcap but do no damage. The sleepcap releases spores at you!
You hit the sleepcap but do no damage.
The sleepcap releases spores at you but does no damage.
You hit the sleepcap.
The sleepcap is lightly damaged.
The sleepcap completely misses you.
You hit the sleepcap.
The sleepcap is moderately damaged.
The sleepcap releases spores at you.
You hit the sleepcap.
The sleepcap is heavily damaged.
The sleepcap releases spores at you.
You hit the sleepcap but do no damage.
The sleepcap is heavily damaged.
The sleepcap releases spores at you.
You are engulfed in a cloud of soporific spores!
You fall asleep.
The sleepcap releases spores at you!!
Ouch! That really hurt!
You die...

#≈≈≈≈#~~.....~.
#≈≈≈~~~~~.≈~~~≈
#~≈≈≈~~.~≈~~..~
#~~~≈~≈~≈.≈~~~~
#~~≈~~~~~.~≈.~~
##~...........~
#..........####
######.##########
#.f@...#
#..####..# #.
#### #


You could see a sleepcap.

Vanquished Creatures
  A hound (D:5)
  An adder (D:5)
  An ufetubus (D:5)
  An orc (D:5)
4 creatures vanquished.

Notes
Turn   | Place    | Note
-------+----------+-------------------------------------------
     0 | D:5      | javelincjr the Demonspawn Delver began the quest for the
                  | Orb.
     0 | D:5      | Reached XP level 1. HP: 18/18 MP: 1/1
    11 | D:5      | Noticed a hound
    30 | D:5      | Killed a hound
    31 | D:5      | Gained mutation: Your demonic aura sometimes causes spilled
                  | blood to erupt in flames. [demonic ancestry]
    31 | D:5      | Reached XP level 2. HP: 16/24 MP: 2/2
    31 | D:5      | Reached XP level 3. HP: 19/29 MP: 3/3
   184 | D:5      | Found a sparkling altar of Nemelex Xobeh.
   184 | D:5      | Found an ornate altar of the Wu Jian Council.
   349 | D:5      | Noticed a lemure
   349 | D:5      | Noticed a lemure
   373 | D:5      | Mangled by a sleepcap

Illustrated notes

Levels and vault maps discovered:
D:5:      layout_basic, nicolae_overflow_two_pavilions, serial_rivers,
          chequers_serial_rivers_micro_d, chequers_serial_rivers_micro_b,
          chequers_serial_rivers_large_a, chequers_serial_rivers_room_a,
          chequers_serial_rivers_small_b, chequers_serial_rivers_large_b,
          columned_hall_lemuel, uniq_pikel, uniq_crazy_yiuf_cottage

Skill      XL: |  1 |
---------------+----+-----
Polearms       | 2 |  2.3
Dodging        | 2 |  2.3
Fighting       | |  3.4
Stealth        | |  4.8

Action                     || total
---------------------------++-------
  Melee: Spear             ||    38
   Stab: Sleeping          ||     3
 Armour: Leather armour    ||    12
  Dodge: Dodged            ||    28
